Oilers vs Lightning
Created - February 23, 2025 at 19:51
Goals
|
| Oilers |
1 |
0 |
0 |
0 |
1 |
| Lightning |
0 |
0 |
1 |
1 |
2 |
|
Shots
|
| Oilers |
12 |
11 |
6 |
2 |
31 |
| Lightning |
8 |
9 |
12 |
7 |
36 |
|
1st period
1. Oilers , Frederik Gauthier 9 (Anton Slepyshev 3, Marco Scandella 9) at 2:17
Penalties :
Brent Burns (Edm) for Roughing (Minor) at 7:54, Noel Acciari (Edm) for Delaying the game (Minor) at 13:27
2nd period
No Goal
Penalties :
Lawson Crouse (T.B) for Slashing (Minor) at 5:37, Ben Hutton (T.B) for Hooking (Minor) at 17:44
3rd period
2. Lightning , Max Friberg 4 (Rasmus Ristolainen 38, Brandon Hagel 6) at 3:01
Penalties :
David Pastrnak (Edm) for Tripping (Minor) at 6:03, Rasmus Ristolainen (T.B) for Delaying the game (Minor) at 16:43, Anze Kopitar (T.B) for Interference (Minor) at 19:59
Overtime #1
3. Lightning , Anze Kopitar 6 (Rasmus Ristolainen 39, Lawson Crouse 30) at 4:10
Penalties :
No Penalty
Goalie Stats
Alexandar Georgiev (Edm), 34 saves from 36 shots - (0.944), OTL, 20-15-4, 64:10 minutes
Alex Nedeljkovic (T.B), 30 saves from 31 shots - (0.968), W, 21-19-4, 64:10 minutes
Players Stats for Oilers
Player Name G A P +/- PIM S H SB GA TA FO MP PP MP PK MP
------------------------------------------------------------------------------------
Andrew Mangiapane 0 0 0 1 0 1 0 2 0 0 0/0 11:37 0:48 0:00
Anton Slepyshev 0 1 1 1 0 4 1 0 1 0 0/1 13:53 1:22 1:05
Brandon Montour 0 0 0 -1 0 2 0 0 0 0 0/0 27:38 2:50 3:17
Brent Burns 0 0 0 0 2 0 0 0 0 0 0/0 12:32 0:00 0:00
Christian Fischer 0 0 0 0 0 1 1 0 0 0 0/0 9:48 0:10 0:00
Connor McDavid 0 0 0 -2 0 4 0 0 3 0 14/25 24:01 1:56 2:58
David Pastrnak 0 0 0 -1 2 4 3 0 1 0 0/1 17:32 1:56 0:00
Frederik Gauthier 1 0 1 1 0 3 3 0 1 0 8/9 15:46 3:03 1:05
Jamie Benn 0 0 0 0 0 3 1 0 0 0 0/1 14:12 0:09 1:54
Jamie McBain 0 0 0 -2 0 2 0 2 0 1 0/0 29:32 2:50 3:17
Jason Robertson 0 0 0 0 0 0 3 0 0 0 0/0 12:06 2:42 0:00
Leon Draisaitl 0 0 0 -1 0 0 2 0 0 0 0/2 21:50 1:44 2:58
Marco Scandella 0 1 1 1 0 2 0 0 0 0 0/0 22:10 3:07 2:40
Marcus Pettersson 0 0 0 1 0 2 0 1 0 0 0/0 22:10 3:07 2:40
Nikita Kucherov 0 0 0 -1 0 1 3 0 1 0 0/0 16:24 3:03 0:00
Noel Acciari 0 0 0 0 2 1 0 0 0 0 0/1 10:50 0:48 0:00
Philippe Myers 0 0 0 0 0 0 0 0 0 1 0/0 12:28 0:00 0:00
Tyler Johnson 0 0 0 0 0 1 2 1 1 0 8/14 14:17 0:10 1:54
Players Stats for Lightning
Player Name G A P +/- PIM S H SB GA TA FO MP PP MP PK MP
------------------------------------------------------------------------------------
Alex DeBrincat 0 0 0 -1 0 2 0 0 1 0 0/0 15:43 2:35 0:00
Alexander Kerfoot 0 0 0 0 0 3 2 0 0 0 13/29 22:11 3:22 3:24
Anthony Cirelli 0 0 0 -1 0 0 0 0 0 0 0/2 17:46 2:35 2:21
Anze Kopitar 1 0 1 2 2 3 4 0 0 0 5/10 15:21 0:00 1:52
Ben Hutton 0 0 0 0 2 0 0 0 0 0 0/0 14:14 0:00 1:34
Brandon Hagel 0 1 1 1 0 1 2 1 0 0 0/0 12:44 0:00 1:25
Cory Emmerton 0 0 0 0 0 5 1 0 0 0 2/2 9:06 0:17 0:00
Jeff Schultz 0 0 0 1 0 1 0 2 0 2 0/0 23:28 0:00 3:46
Jesper Fast 0 0 0 0 0 0 4 0 1 0 0/0 10:37 0:00 1:50
John Carlson 0 0 0 -1 0 0 1 0 0 0 0/0 21:32 2:35 3:12
Jonathan Drouin 0 0 0 0 0 0 0 1 0 1 0/1 19:29 3:22 1:15
Lawson Crouse 0 1 1 1 2 2 0 1 0 2 0/1 20:47 3:05 0:57
Max Friberg 1 0 1 1 0 4 0 0 0 0 0/0 11:43 0:00 0:00
Miro Heiskanen 0 0 0 0 0 1 2 4 0 0 0/0 18:05 3:22 1:47
Nico Hischier 0 0 0 -1 0 4 0 0 0 0 4/9 16:32 2:35 0:49
Rasmus Ristolainen 0 2 2 2 2 8 1 1 0 1 0/0 27:49 3:22 2:21
Shayne Gostisbehere 0 0 0 -1 0 0 0 4 0 2 0/0 21:32 2:35 3:12
Teemu Hartikainen 0 0 0 0 0 2 2 0 0 0 0/0 8:07 0:00 0:00
3 Stars
1 - Alex Nedeljkovic (T.B)
2 - Anze Kopitar (T.B)
3 - Frederik Gauthier (Edm)
Power Play
Oilers - 0 on 4 Attempt(s) - 0.00%
Lightning - 0 on 3 Attempt(s) - 0.00%
Penalty Kill
Oilers - 3 on 3 Attempt(s) - 100.00%
- Score 0 goal in Penalty Kill
Lightning - 4 on 4 Attempt(s) - 100.00%
- Score 0 goal in Penalty Kill
Team Stat
Oilers - Hits : 19 - Faceoff Wins : 30 - Blocked Shots : 6 - Penalty Minutes : 6
Lightning - Hits : 19 - Faceoff Wins : 24 - Blocked Shots : 14 - Penalty Minutes : 8
Official
Referees : Dan O'Rourke and Corey Syvret
Linesman : Shandor Alphonso and Scott Cherrey
Game Notes
No Game Note
Finance
Level 1 -- Attendance: 6000 (100.00%) -- Ticket Income $600,000
Level 2 -- Attendance: 4988 (99.76%) -- Ticket Income $349,160
Level 3 -- Attendance: 1824 (91.20%) -- Ticket Income $72,960
Level 4 -- Attendance: 3731 (93.28%) -- Ticket Income $111,930
Luxury Box -- Attendance: 888 (88.80%) -- Ticket Income $177,600
Game was played at the Amalie Arena.
Total Attendance: 17431 (96.84%)
Total Ticket Income: $1,311,650
Other Income: $196,748
Total Income: $1,508,398
Oilers
5 vs 5 Forward
Center Left Wing Right Wing Time % Phy DF OF
1 Connor McDavid Leon Draisaitl David Pastrnak 35 1 2 2
2 Tyler Johnson Jamie Benn Nikita Kucherov 30 1 2 2
3 Frederik Gauthier Anton Slepyshev Andrew Mangiapane 25 1 2 2
4 Noel Acciari Jason Robertson Christian Fischer 10 1 2 2
5 vs 5 Defense
Defense Defense Time % Phy DF OF
1 Jamie McBain Brandon Montour 40 1 2 2
2 Marco Scandella Marcus Pettersson 30 1 2 2
3 Brent Burns Philippe Myers 20 1 2 2
4 Jamie McBain Brandon Montour 10 1 2 2
PowerPlay Forward
Center Left Wing Right Wing Time % Phy DF OF
1 Connor McDavid Jason Robertson David Pastrnak 60 1 2 2
2 Frederik Gauthier Leon Draisaitl Nikita Kucherov 40 1 2 2
PowerPlay Defense
Defense Defense Time % Phy DF OF
1 Jamie McBain Brandon Montour 60 1 2 2
2 Marco Scandella Marcus Pettersson 40 1 2 2
Penalty Kill 4 Players Forward
Center Wing Time % Phy DF OF
1 Connor McDavid Leon Draisaitl 60 1 4 0
2 Tyler Johnson Jamie Benn 40 1 4 0
Penalty Kill 4 Players Defense
Defense Defense Time % Phy DF OF
1 Jamie McBain Brandon Montour 60 0 5 0
2 Marco Scandella Marcus Pettersson 40 0 5 0
Penalty Kill - 3 Players Forward
Forward Time % Phy DF OF
1 Connor McDavid 60 0 5 0
2 Tyler Johnson 40 0 5 0
Penalty Kill - 3 Players Defense
Defense Defense Time % Phy DF OF
1 Jamie McBain Brandon Montour 60 0 5 0
2 Marco Scandella Marcus Pettersson 40 0 5 0
4 vs 4 Forward
Center Wing Time % Phy DF OF
1 Connor McDavid Leon Draisaitl 60 1 2 2
2 Tyler Johnson Jamie Benn 40 1 2 2
4 vs 4 Defense
Defense Defense Time % Phy DF OF
1 Jamie McBain Brandon Montour 60 1 2 2
2 Marco Scandella Marcus Pettersson 40 1 2 2
Last Minutes Offensive
Center Left Wing Right Wing Defense Defense
Connor McDavid Leon Draisaitl Nikita Kucherov Jamie McBain Brandon Montour
Last Minutes Defensive
Center Left Wing Right Wing Defense Defense
Connor McDavid Leon Draisaitl Nikita Kucherov Jamie McBain Brandon Montour
Goaltenders
Starting : Alexandar Georgiev
Backup : Jaroslav Halak
Extra Forwards
Normal : Leon Draisaitl, Frederik Gauthier, Jamie Benn - PP : Leon Draisaitl, Frederik Gauthier - PK : Leon Draisaitl
Extra Defensemen
Normal : Marcus Pettersson, Brent Burns, Philippe Myers - PP : Marcus Pettersson - PK : Marcus Pettersson, Brent Burns
Penalty Shots
Connor McDavid, Nikita Kucherov, David Pastrnak, Tyler Johnson, Leon Draisaitl
Custom OT Lines Forwards
Connor McDavid, Nikita Kucherov, David Pastrnak, Tyler Johnson, Leon Draisaitl, Frederik Gauthier, Jamie Benn, Noel Acciari, Anton Slepyshev, Andrew Mangiapane
Custom OT Lines Defensemen
Jamie McBain, Brandon Montour, Marco Scandella, Marcus Pettersson, Brent Burns
Scratches
Brett Lernout (Healthy)
Lightning
5 vs 5 Forward
Center Left Wing Right Wing Time % Phy DF OF
1 Alexander Kerfoot Jonathan Drouin Lawson Crouse 40 1 2 2
2 Nico Hischier Anthony Cirelli Alex DeBrincat 30 1 2 2
3 Anze Kopitar Brandon Hagel Max Friberg 20 1 2 2
4 Cory Emmerton Teemu Hartikainen Jesper Fast 10 1 2 2
5 vs 5 Defense
Defense Defense Time % Phy DF OF
1 Rasmus Ristolainen Jeff Schultz 40 1 2 2
2 John Carlson Shayne Gostisbehere 30 1 2 2
3 Ben Hutton Miro Heiskanen 20 1 2 2
4 Rasmus Ristolainen Miro Heiskanen 10 1 2 2
PowerPlay Forward
Center Left Wing Right Wing Time % Phy DF OF
1 Alexander Kerfoot Jonathan Drouin Lawson Crouse 60 1 2 2
2 Nico Hischier Anthony Cirelli Alex DeBrincat 40 1 2 2
PowerPlay Defense
Defense Defense Time % Phy DF OF
1 Rasmus Ristolainen Miro Heiskanen 60 1 2 2
2 John Carlson Shayne Gostisbehere 40 1 2 2
Penalty Kill 4 Players Forward
Center Wing Time % Phy DF OF
1 Alexander Kerfoot Lawson Crouse 60 1 2 2
2 Anze Kopitar Anthony Cirelli 40 1 2 2
Penalty Kill 4 Players Defense
Defense Defense Time % Phy DF OF
1 Rasmus Ristolainen Jeff Schultz 60 1 2 2
2 John Carlson Shayne Gostisbehere 40 1 2 2
Penalty Kill - 3 Players Forward
Forward Time % Phy DF OF
1 Alexander Kerfoot 60 1 2 2
2 Anthony Cirelli 40 1 2 2
Penalty Kill - 3 Players Defense
Defense Defense Time % Phy DF OF
1 Rasmus Ristolainen Jeff Schultz 60 1 2 2
2 John Carlson Shayne Gostisbehere 40 1 2 2
4 vs 4 Forward
Center Wing Time % Phy DF OF
1 Alexander Kerfoot Lawson Crouse 60 1 2 2
2 Nico Hischier Anthony Cirelli 40 1 2 2
4 vs 4 Defense
Defense Defense Time % Phy DF OF
1 Rasmus Ristolainen Jeff Schultz 60 1 2 2
2 John Carlson Shayne Gostisbehere 40 1 2 2
Last Minutes Offensive
Center Left Wing Right Wing Defense Defense
Anze Kopitar Jonathan Drouin Lawson Crouse Rasmus Ristolainen Jeff Schultz
Last Minutes Defensive
Center Left Wing Right Wing Defense Defense
Anze Kopitar Jonathan Drouin Lawson Crouse Rasmus Ristolainen Jeff Schultz
Goaltenders
Starting : Alex Nedeljkovic
Backup : Anton Forsberg
Extra Forwards
Normal : Cory Emmerton, Max Friberg, Jesper Fast - PP : Cory Emmerton, Max Friberg - PK : Jesper Fast
Extra Defensemen
Normal : Ben Hutton, Miro Heiskanen, John Carlson - PP : Ben Hutton - PK : Miro Heiskanen, John Carlson
Penalty Shots
Lawson Crouse, Anze Kopitar, Alexander Kerfoot, Jonathan Drouin, Alex DeBrincat
Custom OT Lines Forwards
Lawson Crouse, Anze Kopitar, Alexander Kerfoot, Jonathan Drouin, Alex DeBrincat, Anthony Cirelli, Nico Hischier, Brandon Hagel, Cory Emmerton, Jesper Fast
Custom OT Lines Defensemen
Rasmus Ristolainen, Jeff Schultz, John Carlson, Shayne Gostisbehere, Ben Hutton
Scratches
Brendan Perlini (Healthy), Dalton Thrower (Healthy), Daultan Leveillé (Healthy)
% Time on Ice - Oilers
Lines # - Real PCT - Wanted PCT - Time Play
Normal Forward
1 - 35% - 35% - 16:41
2 - 24% - 30% - 11:33
3 - 22% - 25% - 10:28
4 - 20% - 10% - 9:24
Normal Defense
1 - 35% - 40% - 16:59
2 - 32% - 30% - 15:32
3 - 26% - 20% - 12:28
4 - 6% - 10% - 3:07
PP Forward
1 - 49% - 60% - 2:54
2 - 51% - 40% - 3:03
PP Defense
1 - 48% - 60% - 2:50
2 - 52% - 40% - 3:07
PK Forward
1 - 68% - 60% - 4:03
2 - 32% - 40% - 1:54
PK Defense
1 - 55% - 60% - 3:17
2 - 45% - 40% - 2:40
PK3 Forward
1 - 0% - 60%
2 - 0% - 40%
PK3 Defense
1 - 0% - 60%
2 - 0% - 40%
44 Forward
1 - 78% - 60% - 1:33
2 - 22% - 40% - 0:26
44 Defense
1 - 71% - 60% - 1:25
2 - 29% - 40% - 0:34
Last Minute Offensive - 0:00
Last Minute Defensive - 0:00
Total
Forward - 61:59
Defense - 61:59
|
% Time on Ice - Lightning
Lines # - Real PCT - Wanted PCT - Time Play
Normal Forward
1 - 32% - 40% - 15:32
2 - 27% - 30% - 13:08
3 - 24% - 20% - 11:19
4 - 17% - 10% - 8:07
Normal Defense
1 - 40% - 40% - 19:17
2 - 33% - 30% - 15:45
3 - 19% - 20% - 9:20
4 - 8% - 10% - 3:44
PP Forward
1 - 57% - 60% - 3:22
2 - 43% - 40% - 2:35
PP Defense
1 - 57% - 60% - 3:22
2 - 43% - 40% - 2:35
PK Forward
1 - 72% - 60% - 4:18
2 - 28% - 40% - 1:39
PK Defense
1 - 43% - 60% - 2:33
2 - 57% - 40% - 3:24
PK3 Forward
1 - 78% - 60% - 1:33
2 - 22% - 40% - 0:26
PK3 Defense
1 - 61% - 60% - 1:13
2 - 39% - 40% - 0:46
44 Forward
1 - 0% - 60%
2 - 0% - 40%
44 Defense
1 - 0% - 60%
2 - 0% - 40%
Last Minute Offensive - 0:00
Last Minute Defensive - 0:00
Total
Forward - 61:59
Defense - 61:59
|
Play-by-Play
1st period
0:01 of 1st period - Connor McDavid wins face-off versus Alexander Kerfoot in neutral zone.
0:54 of 1st period - Brandon Hagel is hit by Tyler Johnson and loses puck.
1:29 of 1st period - Snap shot by Nikita Kucherov.
1:29 of 1st period - Shot Misses the Net.
1:35 of 1st period - Snap shot by Tyler Johnson.
1:35 of 1st period - Shot Blocked by Miro Heiskanen.
1:37 of 1st period - Wrist shot by Brandon Montour.
1:37 of 1st period - Stopped by Alex Nedeljkovic without a rebound.
1:38 of 1st period - Connor McDavid wins face-off versus Nico Hischier in Lightning zone.
2:15 of 1st period - Wrist shot by Anton Slepyshev.
2:15 of 1st period - Stopped by Alex Nedeljkovic with a rebound.
2:17 of 1st period - Snap shot by Frederik Gauthier.
2:17 of 1st period - Goal by Frederik Gauthier - Oilers : 1 - Lightning : 0.
2:18 of 1st period - Alexander Kerfoot wins face-off versus Noel Acciari in neutral zone.
2:43 of 1st period - Brandon Hagel is hit by David Pastrnak and loses puck.
2:50 of 1st period - Leon Draisaitl is hit by Anze Kopitar and loses puck.
3:10 of 1st period - Slapshot by Frederik Gauthier.
3:10 of 1st period - Shot Blocked by Shayne Gostisbehere.
4:00 of 1st period - Snap shot by Connor McDavid.
4:00 of 1st period - Shot Blocked by Jeff Schultz.
4:22 of 1st period - Marcus Pettersson is hit by Anze Kopitar and loses puck.
4:59 of 1st period - Slapshot by Christian Fischer.
4:59 of 1st period - Stopped by Alex Nedeljkovic without a rebound.
5:00 of 1st period - Alexander Kerfoot wins face-off versus Connor McDavid in Lightning zone.
5:27 of 1st period - Jamie McBain is hit by Anze Kopitar.
5:35 of 1st period - Snap shot by Nikita Kucherov.
5:35 of 1st period - Stopped by Alex Nedeljkovic without a rebound.
5:36 of 1st period - Frederik Gauthier wins face-off versus Nico Hischier in Lightning zone.
5:43 of 1st period - Backhand shot by Frederik Gauthier.
5:43 of 1st period - Stopped by Alex Nedeljkovic with a rebound.
6:00 of 1st period - Icing by Rasmus Ristolainen.
6:01 of 1st period - Tyler Johnson wins face-off versus Nico Hischier in Lightning zone.
6:16 of 1st period - Slapshot by Rasmus Ristolainen.
6:16 of 1st period - Stopped by Alexandar Georgiev without a rebound.
6:17 of 1st period - Alexander Kerfoot wins face-off versus Tyler Johnson in Oilers zone.
7:07 of 1st period - Leon Draisaitl is hit by Teemu Hartikainen.
7:13 of 1st period - Slapshot by Rasmus Ristolainen.
7:13 of 1st period - Stopped by Alexandar Georgiev with a rebound.
7:51 of 1st period - Slapshot by Rasmus Ristolainen.
7:51 of 1st period - Stopped by Alexandar Georgiev without a rebound.
7:52 of 1st period - Connor McDavid wins face-off versus Anthony Cirelli in Oilers zone.
7:54 of 1st period - Minor Penalty to Brent Burns for Roughing.
7:55 of 1st period - Alexander Kerfoot wins face-off versus Connor McDavid in Oilers zone.
9:54 of 1st period - Penalty to Brent Burns is over, Brent Burns is back on ice.
10:23 of 1st period - Jesper Fast is hit by Jason Robertson.
10:29 of 1st period - Brent Burns is hit by Miro Heiskanen and loses puck.
11:00 of 1st period - Slapshot by Jamie Benn.
11:00 of 1st period - Stopped by Alex Nedeljkovic without a rebound.
11:01 of 1st period - Cory Emmerton wins face-off versus Tyler Johnson in Lightning zone.
11:10 of 1st period - Wrist shot by Teemu Hartikainen.
11:10 of 1st period - Stopped by Alexandar Georgiev without a rebound.
11:11 of 1st period - Frederik Gauthier wins face-off versus Lawson Crouse in Oilers zone.
11:26 of 1st period - Slapshot by Rasmus Ristolainen.
11:26 of 1st period - Stopped by Alexandar Georgiev without a rebound.
11:27 of 1st period - Nico Hischier wins face-off versus David Pastrnak in Oilers zone.
11:41 of 1st period - Slapshot by Connor McDavid.
11:41 of 1st period - Stopped by Alex Nedeljkovic without a rebound.
11:42 of 1st period - Alexander Kerfoot wins face-off versus Tyler Johnson in Lightning zone.
11:51 of 1st period - Slapshot by Tyler Johnson.
11:51 of 1st period - Shot Blocked by Rasmus Ristolainen.
11:53 of 1st period - Snap shot by Brandon Montour.
11:53 of 1st period - Deflect By Jamie Benn.
11:53 of 1st period - Shot Misses the Net.
11:53 of 1st period - Puck is out of play.
11:54 of 1st period - Connor McDavid wins face-off versus Alexander Kerfoot in Lightning zone.
13:07 of 1st period - Alexander Kerfoot is hit by Leon Draisaitl and loses puck.
13:12 of 1st period - Snap shot by Connor McDavid.
13:12 of 1st period - Shot Misses the Net.
13:27 of 1st period - Minor Penalty to Noel Acciari for Delaying the game.
13:28 of 1st period - Alexander Kerfoot wins face-off versus Connor McDavid in Oilers zone.
15:27 of 1st period - Penalty to Noel Acciari is over, Noel Acciari is back on ice.
15:44 of 1st period - Noel Acciari is hit by Teemu Hartikainen and loses puck.
16:05 of 1st period - Wrist shot by Anze Kopitar.
16:05 of 1st period - Stopped by Alexandar Georgiev without a rebound.
16:06 of 1st period - Anze Kopitar wins face-off versus Tyler Johnson in Oilers zone.
16:09 of 1st period - Snap shot by Brandon Hagel.
16:09 of 1st period - Stopped by Alexandar Georgiev without a rebound.
16:10 of 1st period - Tyler Johnson wins face-off versus Anze Kopitar in Oilers zone.
16:44 of 1st period - Snap shot by Connor McDavid.
16:44 of 1st period - Shot Misses the Net.
17:12 of 1st period - Nico Hischier is hit by Jason Robertson and loses puck.
17:27 of 1st period - Miro Heiskanen is hit by Frederik Gauthier and loses puck.
17:55 of 1st period - Wrist shot by Jamie Benn.
17:55 of 1st period - Stopped by Alex Nedeljkovic with a rebound.
18:25 of 1st period - Snap shot by Frederik Gauthier.
18:25 of 1st period - Shot Blocked by Miro Heiskanen.
18:27 of 1st period - Snap shot by Andrew Mangiapane.
18:27 of 1st period - Shot Misses the Net.
18:29 of 1st period - Wrist shot by Frederik Gauthier.
18:29 of 1st period - Shot Misses the Net.
18:31 of 1st period - Slapshot by Marco Scandella.
18:31 of 1st period - Shot Blocked by Miro Heiskanen.
18:33 of 1st period - Snap shot by Frederik Gauthier.
18:33 of 1st period - Deflect By Andrew Mangiapane.
18:33 of 1st period - Stopped by Alex Nedeljkovic with a rebound.
18:43 of 1st period - Alexander Kerfoot is hit by Jamie Benn.
19:01 of 1st period - Snap shot by Lawson Crouse.
19:01 of 1st period - Deflect By Alexander Kerfoot.
19:01 of 1st period - Shot Blocked by Tyler Johnson.
19:01 of 1st period - Puck is out of play.
19:02 of 1st period - Nico Hischier wins face-off versus Anton Slepyshev in Oilers zone.
19:19 of 1st period - Wrist shot by Frederik Gauthier.
19:19 of 1st period - Stopped by Alex Nedeljkovic without a rebound.
19:20 of 1st period - Connor McDavid wins face-off versus Anze Kopitar in Lightning zone.
19:21 of 1st period - Snap shot by Leon Draisaitl.
19:21 of 1st period - Shot Blocked by Brandon Hagel.
19:23 of 1st period - Slapshot by Marcus Pettersson.
19:23 of 1st period - Stopped by Alex Nedeljkovic without a rebound.
19:24 of 1st period - Anze Kopitar wins face-off versus Leon Draisaitl in Lightning zone.
19:39 of 1st period - Snap shot by Max Friberg.
19:39 of 1st period - Stopped by Alexandar Georgiev with a rebound.
19:51 of 1st period - Max Friberg is hit by Frederik Gauthier.
19:57 of 1st period - Snap shot by Anze Kopitar.
19:57 of 1st period - Shot Blocked by Andrew Mangiapane.
Goals for this period are 1 for Oilers vs 0 for Lightning.
Shots for this period are 12 for Oilers vs 8 for Lightning.
2nd period
0:01 of 2nd period - Alexander Kerfoot wins face-off versus Tyler Johnson in neutral zone.
0:12 of 2nd period - Nikita Kucherov is hit by Alexander Kerfoot and loses puck.
1:11 of 2nd period - Snap shot by Rasmus Ristolainen.
1:11 of 2nd period - Shot Misses the Net.
1:13 of 2nd period - Snap shot by Nico Hischier.
1:13 of 2nd period - Shot Misses the Net.
1:19 of 2nd period - Wrist shot by Alex DeBrincat.
1:19 of 2nd period - Deflect By Nico Hischier.
1:19 of 2nd period - Stopped by Alexandar Georgiev with a rebound.
1:31 of 2nd period - Snap shot by Rasmus Ristolainen.
1:31 of 2nd period - Shot Blocked by Marcus Pettersson.
1:33 of 2nd period - Slapshot by Rasmus Ristolainen.
1:33 of 2nd period - Deflect By Nico Hischier.
1:33 of 2nd period - Stopped by Alexandar Georgiev with a rebound.
2:34 of 2nd period - Slapshot by Rasmus Ristolainen.
2:34 of 2nd period - Shot Misses the Net.
2:36 of 2nd period - Wrist shot by Alex DeBrincat.
2:36 of 2nd period - Shot Misses the Net.
2:38 of 2nd period - Snap shot by Jeff Schultz.
2:38 of 2nd period - Shot Misses the Net.
2:40 of 2nd period - Wrist shot by Anthony Cirelli.
2:40 of 2nd period - Shot Misses the Net.
2:42 of 2nd period - Wrist shot by Alex DeBrincat.
2:42 of 2nd period - Stopped by Alexandar Georgiev with a rebound.
2:58 of 2nd period - Icing by Rasmus Ristolainen.
2:59 of 2nd period - Nico Hischier wins face-off versus Tyler Johnson in Lightning zone.
2:59 of 2nd period - Nico Hischier is hit by Nikita Kucherov.
4:33 of 2nd period - Snap shot by Teemu Hartikainen.
4:33 of 2nd period - Shot Blocked by Jamie McBain.
4:48 of 2nd period - Jamie McBain is hit by John Carlson and loses puck.
5:21 of 2nd period - Wrist shot by Connor McDavid.
5:21 of 2nd period - Shot Misses the Net.
5:23 of 2nd period - Slapshot by Brandon Montour.
5:23 of 2nd period - Stopped by Alex Nedeljkovic with a rebound.
5:25 of 2nd period - Snap shot by David Pastrnak.
5:25 of 2nd period - Shot Misses the Net.
5:27 of 2nd period - Slapshot by Leon Draisaitl.
5:27 of 2nd period - Shot Blocked by Shayne Gostisbehere.
5:33 of 2nd period - Slapshot by Connor McDavid.
5:33 of 2nd period - Stopped by Alex Nedeljkovic without a rebound.
5:34 of 2nd period - Tyler Johnson wins face-off versus Alexander Kerfoot in Lightning zone.
5:35 of 2nd period - Slapshot by Jamie Benn.
5:35 of 2nd period - Stopped by Alex Nedeljkovic with a rebound.
5:37 of 2nd period - Minor Penalty to Lawson Crouse for Slashing.
5:38 of 2nd period - Frederik Gauthier wins face-off versus Alexander Kerfoot in Lightning zone.
6:29 of 2nd period - Icing by Frederik Gauthier.
6:30 of 2nd period - Frederik Gauthier wins face-off versus Anze Kopitar in Oilers zone.
6:45 of 2nd period - Slapshot by Anze Kopitar.
6:45 of 2nd period - Shot Misses the Net.
7:37 of 2nd period - Penalty to Lawson Crouse is over, Lawson Crouse is back on ice.
7:59 of 2nd period - Frederik Gauthier is hit by Jesper Fast and loses puck.
9:21 of 2nd period - Slapshot by Max Friberg.
9:21 of 2nd period - Stopped by Alexandar Georgiev with a rebound.
9:45 of 2nd period - Jamie McBain is hit by Jesper Fast.
10:09 of 2nd period - Alexander Kerfoot is hit by Nikita Kucherov and loses puck.
10:16 of 2nd period - Wrist shot by Jamie Benn.
10:16 of 2nd period - Shot Misses the Net.
10:47 of 2nd period - Slapshot by Jeff Schultz.
10:47 of 2nd period - Stopped by Alexandar Georgiev with a rebound.
11:07 of 2nd period - Brent Burns is hit by Jesper Fast and loses puck.
11:58 of 2nd period - Snap shot by Lawson Crouse.
11:58 of 2nd period - Stopped by Alexandar Georgiev with a rebound.
12:10 of 2nd period - Shayne Gostisbehere is hit by David Pastrnak.
12:33 of 2nd period - Miro Heiskanen is hit by Jason Robertson and loses puck.
12:42 of 2nd period - Jason Robertson is hit by Jesper Fast and loses puck.
12:58 of 2nd period - Anton Slepyshev is hit by Brandon Hagel and loses puck.
13:47 of 2nd period - Anthony Cirelli is hit by Frederik Gauthier and loses puck.
14:29 of 2nd period - Icing by Leon Draisaitl.
14:30 of 2nd period - Alexander Kerfoot wins face-off versus Connor McDavid in Oilers zone.
14:37 of 2nd period - Wrist shot by Alexander Kerfoot.
14:37 of 2nd period - Stopped by Alexandar Georgiev without a rebound.
14:38 of 2nd period - Tyler Johnson wins face-off versus Alexander Kerfoot in Oilers zone.
15:27 of 2nd period - Snap shot by Cory Emmerton.
15:27 of 2nd period - Stopped by Alexandar Georgiev with a rebound.
15:59 of 2nd period - Wrist shot by Anton Slepyshev.
15:59 of 2nd period - Stopped by Alex Nedeljkovic without a rebound.
16:00 of 2nd period - Tyler Johnson wins face-off versus Anthony Cirelli in Lightning zone.
16:01 of 2nd period - Wrist shot by Jamie Benn.
16:01 of 2nd period - Deflect By Nikita Kucherov.
16:01 of 2nd period - Shot Misses the Net.
16:01 of 2nd period - Puck is out of play.
16:02 of 2nd period - Nico Hischier wins face-off versus Jamie Benn in Lightning zone.
16:02 of 2nd period - Nico Hischier is hit by Tyler Johnson.
16:44 of 2nd period - Snap shot by Anze Kopitar.
16:44 of 2nd period - Stopped by Alexandar Georgiev without a rebound.
16:45 of 2nd period - Connor McDavid wins face-off versus Alexander Kerfoot in Oilers zone.
16:45 of 2nd period - Connor McDavid is hit by Alexander Kerfoot.
16:55 of 2nd period - Slapshot by Marcus Pettersson.
16:55 of 2nd period - Stopped by Alex Nedeljkovic with a rebound.
16:57 of 2nd period - Slapshot by Marco Scandella.
16:57 of 2nd period - Stopped by Alex Nedeljkovic with a rebound.
16:59 of 2nd period - Slapshot by Leon Draisaitl.
16:59 of 2nd period - Deflect By David Pastrnak.
16:59 of 2nd period - Stopped by Alex Nedeljkovic without a rebound.
17:00 of 2nd period - Frederik Gauthier wins face-off versus Alexander Kerfoot in Lightning zone.
17:07 of 2nd period - Slapshot by Anton Slepyshev.
17:07 of 2nd period - Stopped by Alex Nedeljkovic without a rebound.
17:08 of 2nd period - Frederik Gauthier wins face-off versus Alexander Kerfoot in Lightning zone.
17:29 of 2nd period - Wrist shot by Frederik Gauthier.
17:29 of 2nd period - Shot Misses the Net.
17:31 of 2nd period - Snap shot by Jamie McBain.
17:31 of 2nd period - Stopped by Alex Nedeljkovic with a rebound.
17:33 of 2nd period - Snap shot by Anton Slepyshev.
17:33 of 2nd period - Shot Misses the Net.
17:37 of 2nd period - Snap shot by Frederik Gauthier.
17:37 of 2nd period - Shot Blocked by Miro Heiskanen.
17:44 of 2nd period - Minor Penalty to Ben Hutton for Hooking.
17:45 of 2nd period - Connor McDavid wins face-off versus Alexander Kerfoot in Lightning zone.
17:45 of 2nd period - Wrist shot by David Pastrnak.
17:45 of 2nd period - Stopped by Alex Nedeljkovic with a rebound.
17:57 of 2nd period - Wrist shot by David Pastrnak.
17:57 of 2nd period - Shot Misses the Net.
17:59 of 2nd period - Slapshot by David Pastrnak.
17:59 of 2nd period - Shot Misses the Net.
18:01 of 2nd period - Wrist shot by David Pastrnak.
18:01 of 2nd period - Stopped by Alex Nedeljkovic with a rebound.
19:44 of 2nd period - Penalty to Ben Hutton is over, Ben Hutton is back on ice.
Goals for this period are 0 for Oilers vs 0 for Lightning.
Shots for this period are 11 for Oilers vs 9 for Lightning.
3rd period
0:01 of 3rd period - Connor McDavid wins face-off versus Alexander Kerfoot in neutral zone.
0:35 of 3rd period - Snap shot by Jamie Benn.
0:35 of 3rd period - Shot Blocked by Shayne Gostisbehere.
1:18 of 3rd period - Slapshot by Jesper Fast.
1:18 of 3rd period - Shot Blocked by Andrew Mangiapane.
1:20 of 3rd period - Slapshot by Teemu Hartikainen.
1:20 of 3rd period - Stopped by Alexandar Georgiev without a rebound.
1:21 of 3rd period - Alexander Kerfoot wins face-off versus Connor McDavid in Oilers zone.
1:22 of 3rd period - Snap shot by Jonathan Drouin.
1:22 of 3rd period - Deflect By Alexander Kerfoot.
1:22 of 3rd period - Shot Misses the Net.
1:22 of 3rd period - Puck is out of play.
1:23 of 3rd period - Alexander Kerfoot wins face-off versus Connor McDavid in Oilers zone.
1:52 of 3rd period - Wrist shot by Alex DeBrincat.
1:52 of 3rd period - Stopped by Alexandar Georgiev with a rebound.
2:26 of 3rd period - Wrist shot by Anton Slepyshev.
2:26 of 3rd period - Stopped by Alex Nedeljkovic with a rebound.
2:47 of 3rd period - Snap shot by Jamie McBain.
2:47 of 3rd period - Shot Misses the Net.
3:01 of 3rd period - Backhand shot by Max Friberg.
3:01 of 3rd period - Goal by Max Friberg - Oilers : 1 - Lightning : 1.
3:02 of 3rd period - Alexander Kerfoot wins face-off versus Connor McDavid in neutral zone.
3:26 of 3rd period - Icing by Marco Scandella.
3:27 of 3rd period - Tyler Johnson wins face-off versus Nico Hischier in Oilers zone.
3:34 of 3rd period - Wrist shot by Nico Hischier.
3:34 of 3rd period - Stopped by Alexandar Georgiev without a rebound.
3:35 of 3rd period - Connor McDavid wins face-off versus Jonathan Drouin in Oilers zone.
4:32 of 3rd period - Slapshot by Jamie McBain.
4:32 of 3rd period - Deflect By Rasmus Ristolainen.
4:32 of 3rd period - Stopped by Alex Nedeljkovic with a rebound.
4:58 of 3rd period - Wrist shot by Frederik Gauthier.
4:58 of 3rd period - Shot Blocked by Shayne Gostisbehere.
5:58 of 3rd period - Wrist shot by Nico Hischier.
5:58 of 3rd period - Stopped by Alexandar Georgiev without a rebound.
5:59 of 3rd period - Alexander Kerfoot wins face-off versus Connor McDavid in Oilers zone.
6:03 of 3rd period - Minor Penalty to David Pastrnak for Tripping.
6:04 of 3rd period - Connor McDavid wins face-off versus Alexander Kerfoot in Oilers zone.
8:03 of 3rd period - Penalty to David Pastrnak is over, David Pastrnak is back on ice.
8:40 of 3rd period - Wrist shot by Cory Emmerton.
8:40 of 3rd period - Shot Misses the Net.
9:46 of 3rd period - Lawson Crouse is hit by Christian Fischer and loses puck.
10:01 of 3rd period - Marcus Pettersson is hit by Brandon Hagel and loses puck.
10:10 of 3rd period - Snap shot by Tyler Johnson.
10:10 of 3rd period - Shot Misses the Net.
10:22 of 3rd period - Anton Slepyshev is hit by Cory Emmerton.
10:26 of 3rd period - Wrist shot by Cory Emmerton.
10:26 of 3rd period - Stopped by Alexandar Georgiev with a rebound.
10:47 of 3rd period - Connor McDavid is hit by Anze Kopitar and loses puck.
11:12 of 3rd period - Slapshot by Noel Acciari.
11:12 of 3rd period - Stopped by Alex Nedeljkovic without a rebound.
11:13 of 3rd period - Connor McDavid wins face-off versus Alexander Kerfoot in Lightning zone.
11:24 of 3rd period - Jamie McBain is hit by Miro Heiskanen and loses puck.
11:39 of 3rd period - Ben Hutton is hit by Nikita Kucherov.
12:28 of 3rd period - Backhand shot by Connor McDavid.
12:28 of 3rd period - Shot Blocked by Jonathan Drouin.
12:30 of 3rd period - Wrist shot by Connor McDavid.
12:30 of 3rd period - Stopped by Alex Nedeljkovic with a rebound.
12:32 of 3rd period - Slapshot by Philippe Myers.
12:32 of 3rd period - Shot Blocked by Jeff Schultz.
12:54 of 3rd period - Snap shot by Cory Emmerton.
12:54 of 3rd period - Stopped by Alexandar Georgiev with a rebound.
13:52 of 3rd period - Wrist shot by Alexander Kerfoot.
13:52 of 3rd period - Stopped by Alexandar Georgiev without a rebound.
13:53 of 3rd period - Connor McDavid wins face-off versus Alexander Kerfoot in Oilers zone.
13:58 of 3rd period - Alexander Kerfoot is hit by Leon Draisaitl and loses puck.
14:36 of 3rd period - Snap shot by Connor McDavid.
14:36 of 3rd period - Shot Blocked by Lawson Crouse.
14:38 of 3rd period - Wrist shot by David Pastrnak.
14:38 of 3rd period - Stopped by Alex Nedeljkovic with a rebound.
15:22 of 3rd period - Leon Draisaitl is hit by Rasmus Ristolainen and loses puck.
15:29 of 3rd period - Backhand shot by Marco Scandella.
15:29 of 3rd period - Stopped by Alex Nedeljkovic with a rebound.
16:03 of 3rd period - Miro Heiskanen is hit by David Pastrnak and loses puck.
16:16 of 3rd period - Snap shot by Ben Hutton.
16:16 of 3rd period - Deflect By Alexander Kerfoot.
16:16 of 3rd period - Shot Misses the Net.
16:16 of 3rd period - Puck is out of play.
16:17 of 3rd period - Frederik Gauthier wins face-off versus Anze Kopitar in Oilers zone.
16:43 of 3rd period - Minor Penalty to Rasmus Ristolainen for Delaying the game.
16:44 of 3rd period - Anze Kopitar wins face-off versus Frederik Gauthier in Lightning zone.
16:44 of 3rd period - Anze Kopitar is hit by Anton Slepyshev.
18:43 of 3rd period - Penalty to Rasmus Ristolainen is over, Rasmus Ristolainen is back on ice.
18:45 of 3rd period - Icing by Jeff Schultz.
18:46 of 3rd period - Tyler Johnson wins face-off versus Nico Hischier in Lightning zone.
19:31 of 3rd period - Snap shot by Cory Emmerton.
19:31 of 3rd period - Stopped by Alexandar Georgiev without a rebound.
19:32 of 3rd period - Cory Emmerton wins face-off versus Connor McDavid in Oilers zone.
19:33 of 3rd period - Slapshot by Jesper Fast.
19:33 of 3rd period - Deflect By Max Friberg.
19:33 of 3rd period - Stopped by Alexandar Georgiev with a rebound.
19:39 of 3rd period - Snap shot by Max Friberg.
19:39 of 3rd period - Deflect By Cory Emmerton.
19:39 of 3rd period - Deflect By David Pastrnak.
19:39 of 3rd period - Stopped by Alexandar Georgiev with a rebound.
19:41 of 3rd period - Slapshot by Miro Heiskanen.
19:41 of 3rd period - Stopped by Alexandar Georgiev without a rebound.
19:42 of 3rd period - Anze Kopitar wins face-off versus Leon Draisaitl in Oilers zone.
19:59 of 3rd period - Minor Penalty to Anze Kopitar for Interference.
Goals for this period are 0 for Oilers vs 1 for Lightning.
Shots for this period are 6 for Oilers vs 12 for Lightning.
Overtime #1
0:01 of 1st overtime period - Alexander Kerfoot wins face-off versus Connor McDavid in neutral zone.
0:58 of 1st overtime period - Snap shot by Connor McDavid.
0:58 of 1st overtime period - Stopped by Alex Nedeljkovic with a rebound.
1:24 of 1st overtime period - Snap shot by Tyler Johnson.
1:24 of 1st overtime period - Stopped by Alex Nedeljkovic without a rebound.
1:25 of 1st overtime period - Tyler Johnson wins face-off versus Alexander Kerfoot in Lightning zone.
1:36 of 1st overtime period - Snap shot by Jamie Benn.
1:36 of 1st overtime period - Shot Misses the Net.
1:38 of 1st overtime period - Slapshot by Jamie Benn.
1:38 of 1st overtime period - Deflect By Tyler Johnson.
1:38 of 1st overtime period - Shot Misses the Net.
1:38 of 1st overtime period - Puck is out of play.
1:39 of 1st overtime period - Connor McDavid wins face-off versus Alexander Kerfoot in Lightning zone.
1:51 of 1st overtime period - Icing by Frederik Gauthier.
1:52 of 1st overtime period - Frederik Gauthier wins face-off versus Alexander Kerfoot in Oilers zone.
1:59 of 1st overtime period - Penalty to Anze Kopitar is over, Anze Kopitar is back on ice.
2:09 of 1st overtime period - Wrist shot by Alexander Kerfoot.
2:09 of 1st overtime period - Shot Misses the Net.
2:11 of 1st overtime period - Slapshot by Jeff Schultz.
2:11 of 1st overtime period - Shot Misses the Net.
2:13 of 1st overtime period - Slapshot by Rasmus Ristolainen.
2:13 of 1st overtime period - Stopped by Alexandar Georgiev with a rebound.
2:15 of 1st overtime period - Snap shot by Alexander Kerfoot.
2:15 of 1st overtime period - Stopped by Alexandar Georgiev without a rebound.
2:16 of 1st overtime period - Anze Kopitar wins face-off versus Connor McDavid in Oilers zone.
2:19 of 1st overtime period - Snap shot by Lawson Crouse.
2:19 of 1st overtime period - Stopped by Alexandar Georgiev with a rebound.
2:21 of 1st overtime period - Slapshot by Rasmus Ristolainen.
2:21 of 1st overtime period - Stopped by Alexandar Georgiev with a rebound.
2:23 of 1st overtime period - Slapshot by Rasmus Ristolainen.
2:23 of 1st overtime period - Stopped by Alexandar Georgiev without a rebound.
2:24 of 1st overtime period - Connor McDavid wins face-off versus Anze Kopitar in Oilers zone.
2:39 of 1st overtime period - Snap shot by Connor McDavid.
2:39 of 1st overtime period - Shot Misses the Net.
4:04 of 1st overtime period - Wrist shot by Rasmus Ristolainen.
4:04 of 1st overtime period - Deflect By Nikita Kucherov.
4:04 of 1st overtime period - Stopped by Alexandar Georgiev with a rebound.
4:06 of 1st overtime period - Snap shot by Lawson Crouse.
4:06 of 1st overtime period - Shot Hit the Post.
4:08 of 1st overtime period - Slapshot by Rasmus Ristolainen.
4:08 of 1st overtime period - Shot Blocked by Jamie McBain.
4:10 of 1st overtime period - Slapshot by Anze Kopitar.
4:10 of 1st overtime period - Goal by Anze Kopitar - Oilers : 1 - Lightning : 2.
Goals for this period are 0 for Oilers vs 1 for Lightning.
Shots for this period are 2 for Oilers vs 7 for Lightning.